 Dungeon Crawl Stone Soup version 0.28-a0-245-g639a1a48b9 (webtiles) character file.

Game seed: 15469451506646343281

130 theanonym the Magician (level 4, -3/30 HPs)
             Began as a Mummy Enchanter on Aug 25, 2021.
             Slain by an iguana (11 damage)
             ... on level 3 of the Dungeon.
             The game lasted 00:03:12 (3052 turns).

theanonym the Magician (Mummy Enchanter)            Turns: 3052, Time: 00:03:12

Health: -3/30      AC:  2    Str: 11    XL:     4   Next: 89%
Magic:  8/10       EV: 12    Int: 15    God:
Gold:   64         SH:  0    Dex: 12    Spells: 9/11 levels left

rFire   x . .      SeeInvis .   a - +4 dagger (freeze)
rCold   + . .      Faith    .   (no shield)
rNeg    + + +      Spirit   .   b - +0 robe
rPois   ∞          Reflect  .   (no helmet)
rElec   .          Harm     .   (no cloak)
rCorr   .          Rampage  .   (no gloves)
Will    .....                   (no boots)
Stlth   ++........              (no amulet)
HPRegen 0.10/turn               (no ring)
MPRegen 0.12/turn               (no ring)

@: no status effects
A: cold resistance 1, negative energy resistance 3, torment resistance 2, heat
vulnerability 1, no potions
a: no special abilities


Innate Abilities, Weirdness & Mutations

You are immune to poison.
Your flesh is cold resistant. (rC+)
You are immune to negative energy. (rN+++)
You are immune to unholy pain and torment.
You are vulnerable to heat. (rF-)
You do not drink.


   Skills:
 + Level 1.8 Short Blades
 - Level 1.5 Dodging
 - Level 2.4 Stealth
 + Level 4.1 Spellcasting
 + Level 3.6 Hexes
 + Level 1.3 Ice Magic


You had 9 spell levels left.
You knew the following spells:

 Your Spells              Type           Power      Damage    Failure   Level
a - Ensorcelled Hibernat  Hex/Ice        20%        N/A       10%         2

Your spell library contained the following spells:

 Spells                   Type           Power      Damage    Failure   Level
 Confusing Touch          Hex            13%        N/A       12%         3
 Tukima's Dance           Hex            13%        N/A       12%         3
 Dazzling Flash           Conj/Hex       16%        N/A       26%         3

Skill      XL: |  1  2  3  4 |
---------------+-------------+-----
Spellcasting   | 3 4 |  4.1
Hexes          | 3 |  3.6
Short Blades   | 1 |  1.8
Ice Magic      | 1 |  1.3
Dodging        | |  1.5
Stealth        | |  2.4

Action                   |  1- 3 |  4- 6 || total
-------------------------+-------+-------++-------
Melee: Dagger            |    94 |    16 ||   110
 Cast: Ensorcelled Hiber |     4 |     9 ||    13
  Use: Scroll            |       |     2 ||     2
 Stab: Sleeping          |    10 |     4 ||    14
Armor: Robe              |    14 |     1 ||    15
Dodge: Dodged            |    79 |     8 ||    87

Inventory:

Hand Weapons
 a - a +4 dagger of freezing (weapon)
Armour
 b - a +0 robe (worn)
Scrolls
 e - a scroll of noise {unknown}
 r - 2 scrolls of identify
 y - 2 scrolls of magic mapping


You were on level 3 of the Dungeon.
You visited 1 branch of the dungeon, and saw 3 of its levels.

You collected 64 gold pieces.

Dungeon Overview and Level Annotations

Branches:
Dungeon (3/15)

Altars:

Shops:
D:2

( ####
...#########
#.........#
.##.........#
............#
........S...#
#...l.w..#
######@wr###
#..........#
#.####<###.#
#..<##.###...
####....$.#
## #......#
#......#
#......#
########


You could see an iguana (ally target), a friendly worm (summoned), a friendly
dart slug (summoned), a friendly quokka (summoned) and a friendly ball python
(summoned).

Notes
Turn   | Place    | Note
-------+----------+-------------------------------------------
     0 | D:1      | theanonym the Mummy Enchanter began the quest for the Orb.
     0 | D:1      | Reached XP level 1. HP: 13/13 MP: 4/4
   208 | D:1      | Reached skill level 3 in Spellcasting
   346 | D:1      | Reached skill level 3 in Hexes
   373 | D:1      | Reached XP level 2. HP: 19/19 MP: 6/6
   607 | D:1      | Learned a level 2 spell: Ensorcelled Hibernation
   689 | D:1      | Reached skill level 1 in Short Blades
   991 | D:2      | Found Muwneohy's Antique Weapon Boutique.
  1004 | D:2      | Reached XP level 3. HP: 15/24 MP: 7/7
  1623 | D:2      | Noticed Natasha
  1628 | D:2      | Killed Natasha
  1629 | D:2      | Reached XP level 4. HP: 30/30 MP: 9/9
  2026 | D:2      | Noticed Natasha
  2070 | D:2      | Reached skill level 1 in Ice Magic
  2310 | D:2      | Found Muwneohy's Antique Weapon Boutique.
  2572 | D:2      | Killed Natasha
  2573 | D:2      | Reached skill level 4 in Spellcasting
  2958 | D:2      | Noticed Natasha
  2968 | D:2      | Killed Natasha
  3049 | D:3      | HP: 8/30 [iguana (9)]
  3052 | D:3      | Slain by an iguana

Vanquished Creatures
  Natasha (thrice) (D:2)
  An adder (D:2)
  A worm (D:2)
  2 dart slugs
  8 bats
  5 endoplasms
  2 giant cockroaches (D:1)
  5 goblins
  2 hobgoblins (D:1)
  A quokka (D:2)
  3 ball pythons
  2 frilled lizards
  A kobold (D:2)
  4 rats
40 creatures vanquished.

Vanquished Creatures (others)
  6 plants (D:2)
6 creatures vanquished.

Grand Total: 46 creatures vanquished

Table legend: (Time is in decaauts)
 A = Elapsed time spent in this place.
 B = Non-inter-level travel time spent in this place.
 C = Inter-level travel time spent in this place.
 D = Time resting spent in this place.
 E = Time spent auto-exploring this place.
 F = Levels seen in this place.
 G = Mean time per level.
                   A        B        C        D        E       F      G
               +--------+--------+--------+--------+--------+-----+--------+
         Total |   3045 |   2953 |     92 |    489 |   2152 |   3 | 1015.0 |
       Dungeon |   3045 |   2953 |     92 |    489 |   2152 |   3 | 1015.0 |
               +--------+--------+--------+--------+--------+-----+--------+

Top non-repeatable levels by time:
     D:2: 2060 daAuts
     D:1: 973 daAuts
     D:3: 12 daAuts
